 Dungeon Crawl Stone Soup version 0.30-a0-137-gd8773701ce (webtiles) character file.

Game seed: 11909367341757470191

4292 blackman the Blocker (level 10, -2/82 HPs)
             Began as a Gnoll Fighter on Sept 21, 2022.
             Was an Initiate of Ashenzari.
             Slain by a yak (11 damage)
             ... on level 8 of the Dungeon.
             The game lasted 00:15:38 (9085 turns).

blackman the Blocker (Gnoll Fighter)                Turns: 9085, Time: 00:15:38

Health: -2/82      AC:  9    Str: 19    XL:     10   Next: 32%
Magic:  17/18      EV: 11    Int:  8    God:    Ashenzari [......]
Gold:   523        SH:  6    Dex: 12    Spells: 19/19 levels left

rFire   . . .      SeeInvis .    l - +2 war axe (elec)
rCold   . . .      Faith    .    c - +0 buckler
rNeg    . . .      Spirit   .    b - +0 scale mail of the Tethered Seer {Cun, Elem} (curse)
rPois   .          Reflect  .    (no helmet)
rElec   .          Harm     .    D - +0 cloak
rCorr   .          Rampage  .    (no gloves)
Will    .....                    (no boots)
Stlth   ++........               (no amulet)
HPRegen 0.23/turn                (no ring)
MPRegen 0.16/turn                (no ring)

@: no status effects
A: fangs 1, strong nose, distributed training
a: Renounce Religion, Shatter the Chains


You were on level 8 of the Dungeon.
You worshipped Ashenzari.
Ashenzari was noncommittal.
You visited 2 branches of the dungeon, and saw 9 of its levels.

You collected 523 gold pieces.

Inventory:

Hand Weapons
 l - a +2 war axe of electrocution (weapon)
Missiles
 r - a javelin
 y - 3 atropa-tipped darts (quivered)
 E - a curare-tipped dart
 F - 10 poisoned darts
Armour
 b - the cursed +0 scale mail of the Tethered Seer (worn) {Cun, Elem}

   It has a curse which improves the following skills: Cunning: Dodging and
   Stealth.
   Elements:  Fire Magic, Ice Magic, Air Magic and Earth Magic.
 c - a +0 buckler (worn)
 q - a +1 cloak
 D - a +0 cloak (worn)
Jewellery
 s - a ring of fire
Wands
 a - a wand of flame (11)
 g - a wand of light (9)
 x - a wand of polymorph (8)
 B - a wand of charming (22)
 G - a wand of iceblast (13)
Scrolls
 d - 3 scrolls of magic mapping
 e - 5 scrolls of teleportation
 f - 2 scrolls of silence
 i - a scroll of butterflies
 k - 3 scrolls of fear
 n - 2 scrolls of identify
 w - a scroll of amnesia
 A - a scroll of vulnerability
Potions
 h - a potion of resistance {unknown}
 j - 3 potions of cancellation {unknown}
 m - a potion of mutation {unknown}
 o - 3 potions of lignification
 p - 3 potions of might
 t - 2 potions of attraction {unknown}
 u - 2 potions of flight {unknown}
 v - a potion of heal wounds
 z - 2 potions of curing
 C - a potion of ambrosia {unknown}


   Skills:
 + Level 8.5 Fighting
 + Level 5.3 Short Blades
 + Level 5.3 Long Blades
 + Level 7.1 Axes
 + Level 5.3 Maces & Flails
 + Level 5.3 Polearms
 + Level 5.3 Staves
 + Level 5.3 Ranged Weapons
 + Level 5.3 Throwing
 + Level 8.5 Armour
 + Level 5.3(5.8) Dodging
 + Level 5.3(5.8) Stealth
 + Level 8.5 Shields
 + Level 5.3 Unarmed Combat
 + Level 5.3 Spellcasting
 + Level 4.4 Conjurations
 + Level 4.4 Hexes
 + Level 4.4 Summonings
 + Level 4.4 Necromancy
 + Level 4.4 Translocations
 + Level 4.4 Transmutations
 + Level 4.4(4.8) Fire Magic
 + Level 4.4(4.8) Ice Magic
 + Level 4.4(4.8) Air Magic
 + Level 4.4(4.8) Earth Magic
 + Level 4.4 Poison Magic
 + Level 5.9 Invocations
 + Level 5.3 Evocations


You had 19 spell levels left.
You didn't know any spells.
Your spell library contained the following spells:

 Spells                   Type           Power      Damage    Failure   Level
 Slow                     Hex            36%        N/A       13%         1
 Confusing Touch          Hex            9%         N/A       36%         3
 Gell's Gravitas          Tloc           9%         N/A       36%         3
 Lesser Beckoning         Tloc           9%         N/A       36%         3
 Teleport Other           Tloc           9%         N/A       36%         3
 Vampiric Draining        Necr           9%         2d6       36%         3


Dungeon Overview and Level Annotations

Branches:
Dungeon (8/15)             Temple (1/1) D:7
   Lair: D:8-11

Altars:
Ashenzari
Cheibriados
Dithmenos
Fedhas
Gozag
Hepliaklqana
Kikubaaqudgha
Okawaru
Qazlal
Ru
Sif Muna
Uskayaw
Vehumet
Xom
Yredelemnul
Zin
The Shining One

Shops:
D:1 *   D:2 !


Innate Abilities, Weirdness & Mutations

You have very sharp teeth.
Your uncanny sense of smell can sniff out nearby items.
Your experience applies equally to all skills.


Message History

You hit the yak.
The yak is severely wounded.
You block the yak's attack.
You slash the yak! Lightning courses through the yak!
You kill the yak!
You barely miss the yak. The yak barely misses you.
You slash the yak! Lightning courses through the yak!
The yak is severely wounded.
The yak gores you but does no damage.
You barely miss the yak. You bite the yak, but do no damage.
The yak is severely wounded.
You block the yak's attack.
You barely miss the yak.
The yak is severely wounded.
The yak gores you but does no damage. x2
You barely miss the yak.
The yak is severely wounded.
The yak closely misses you.
You slash the yak!
You kill the yak!
You barely miss the yak. You bite the yak, but do no damage. The yak gores you.
* * * LOW HITPOINT WARNING * * *
You slash the yak!
The yak is lightly wounded.
The yak barely misses you.
You hit the yak.
The yak is moderately wounded.
The yak gores you.
* * * LOW HITPOINT WARNING * * *
The yak barely misses you.
You closely miss the yak.
The yak is moderately wounded.
The yak gores you!
* * * LOW HITPOINT WARNING * * *
You slash the yak! Lightning courses through the yak!!
You kill the yak!
You hit the yak.
The yak is lightly wounded.
The yak gores you!
You die...

# #.# ...##.# #.#
..(##.# #.#
...##)# # # #.#
#.###.# .#. #.#
#.# #.# #.# #.#
#.# #.# #.# #.#
#.# #.# #.# #Y#
#.# #.###.# #@#
#.###...#.## #.#
.#.###...#.#####.#
###......##......#
.#.###...#.#######
#....##.#.##
##......#.#
##.#.#..#.#
..........#


You could see a yak.

Vanquished Creatures
  Maurice (D:8)
  5 yaks (D:8)
  A steam dragon (D:8)
  Eustachio (D:6)
  Menkaure (D:4)
  3 water moccasins
  2 orc warriors (D:7)
  A sky beast (D:8)
  2 ice beasts
  A centaur (D:7)
  3 ogres
  2 phantoms
  A kobold brigand (D:8)
  2 bullfrogs
  3 necrophages
  3 scorpions
  3 howler monkeys
  3 jellies
  3 orc priests
  5 hounds
  Crazy Yiuf (D:6)
  6 iguanas
  7 orc wizards
  4 gnolls (D:4)
  8 adders
  A white imp (D:5)
  2 ufetubi (D:5)
  A worm (D:3)
  3 dart slugs
  32 orcs
  7 endoplasms
  2 giant cockroaches
  3 goblins
  6 hobgoblins
  8 jackals
  9 kobolds
  5 quokkas
  5 ball pythons
  5 bats
  A frilled lizard (D:1)
  4 rats
166 creatures vanquished.

Notes
Turn   | Place    | Note
-------+----------+-------------------------------------------
     0 | D:1      | blackman the Gnoll Fighter began the quest for the Orb.
     0 | D:1      | Reached XP level 1. HP: 23/23 MP: 1/1
   215 | D:1      | Found Poloroy's General Store.
   234 | D:1      | Reached XP level 2. HP: 26/29 MP: 2/2
   888 | D:2      | Reached XP level 3. HP: 34/35 MP: 3/3
   931 | D:2      | Reached skill level 1 in Invocations
  1188 | D:2      | Reached skill level 1 in Short Blades
  1188 | D:2      | Reached skill level 1 in Long Blades
  1188 | D:2      | Reached skill level 1 in Maces & Flails
  1188 | D:2      | Reached skill level 1 in Polearms
  1188 | D:2      | Reached skill level 1 in Staves
  1188 | D:2      | Reached skill level 1 in Ranged Weapons
  1188 | D:2      | Reached skill level 1 in Throwing
  1188 | D:2      | Reached skill level 1 in Dodging
  1188 | D:2      | Reached skill level 1 in Stealth
  1188 | D:2      | Reached skill level 1 in Unarmed Combat
  1188 | D:2      | Reached skill level 1 in Spellcasting
  1188 | D:2      | Reached skill level 1 in Evocations
  1308 | D:2      | Found Sateduin's Distillery.
  1390 | D:2      | Found a faded altar of an unknown god.
  1664 | D:3      | Reached XP level 4. HP: 38/41 MP: 5/5
  1758 | D:3      | Noticed a necrophage
  1767 | D:3      | Killed a necrophage
  1768 | D:3      | Reached skill level 1 in Conjurations
  1768 | D:3      | Reached skill level 1 in Hexes
  1768 | D:3      | Reached skill level 1 in Summonings
  1768 | D:3      | Reached skill level 1 in Necromancy
  1768 | D:3      | Reached skill level 1 in Translocations
  1768 | D:3      | Reached skill level 1 in Transmutations
  1768 | D:3      | Reached skill level 1 in Fire Magic
  1768 | D:3      | Reached skill level 1 in Ice Magic
  1768 | D:3      | Reached skill level 1 in Air Magic
  1768 | D:3      | Reached skill level 1 in Earth Magic
  1768 | D:3      | Reached skill level 1 in Poison Magic
  1768 | D:3      | Reached XP level 5. HP: 42/47 MP: 5/7
  2883 | D:4      | HP: 2/47 [poisoned by a scorpion]
  3518 | D:4      | Reached skill level 5 in Axes
  3518 | D:4      | Reached XP level 6. HP: 48/53 MP: 7/9
  3668 | D:4      | Noticed Menkaure
  3673 | D:4      | Killed Menkaure
  3674 | D:4      | Reached XP level 7. HP: 60/60 MP: 10/10
  4399 | D:5      | Entered Level 5 of the Dungeon
  4404 | D:5      | Found a sacrificial altar of Ru.
  4463 | D:5      | Reached XP level 8. HP: 67/67 MP: 12/12
  4552 | D:5      | Found a shimmering altar of Xom.
  4553 | D:5      | Found a hazy altar of Hepliaklqana.
  4573 | D:5      | Noticed a spectral ugly thing
  5512 | D:6      | Noticed Eustachio
  5518 | D:6      | Killed Eustachio
  5602 | D:6      | Reached XP level 9. HP: 50/73 MP: 14/14
  6543 | D:6      | Found a runed translucent door.
  6544 | D:6      | Noticed Crazy Yiuf
  6550 | D:6      | Killed Crazy Yiuf
  6813 | D:7      | Found a staircase to the Ecumenical Temple.
  6861 | Temple   | Entered the Ecumenical Temple
  6942 | Temple   | Became a worshipper of Ashenzari the Shackled
  7845 | D:7      | Reached skill level 5 in Invocations
  8486 | D:8      | Noticed Maurice
  8501 | D:8      | Killed Maurice
  8588 | D:8      | Reached skill level 5 in Short Blades
  8588 | D:8      | Reached skill level 5 in Long Blades
  8588 | D:8      | Reached skill level 5 in Maces & Flails
  8588 | D:8      | Reached skill level 5 in Polearms
  8588 | D:8      | Reached skill level 5 in Staves
  8588 | D:8      | Reached skill level 5 in Ranged Weapons
  8588 | D:8      | Reached skill level 5 in Throwing
  8588 | D:8      | Reached skill level 5 in Dodging
  8588 | D:8      | Reached skill level 5 in Stealth
  8588 | D:8      | Reached skill level 5 in Unarmed Combat
  8588 | D:8      | Reached skill level 5 in Spellcasting
  8588 | D:8      | Reached skill level 5 in Evocations
  8588 | D:8      | Reached XP level 10. HP: 40/81 MP: 17/17
  9085 | D:8      | Slain by a yak

Illustrated notes

Levels and vault maps discovered:
D:1:      dpeg_arrival_chambers_temple_mockup, layout_basic, serial_shops, shop
D:2:      layout_loops_ring, chequers_ecumenical_altar_grove, serial_shops, shop
D:3:      layout_basic, st_stairs_3, due_unseen_surprise
D:4:      layout_basic, serial_curves, eino_curves_02, eino_curves_01,
          uniq_menkaure
D:5:      layout_basic, regret_index_temple_of_mockery, amcnicky_altar_gilded
D:6:      layout_gridville, uniq_eustachio, uniq_crazy_yiuf_cottage
D:7:      layout_cave_pods, minmay_temple_entry_statues_fountains,
          minmay_misc_feat_chi
D:8:      layout_loops_ring, trog_wizard, uniq_maurice
Temple:   eino_temple_water

Skill      XL: |  1  2  3  4  5  6  7  8  9 10 |
---------------+-------------------------------+-----
Invocations    | 1 2 3 4 5 |  5.9
Short Blades   | 1 2 3 5 |  5.3
Long Blades    | 1 2 3 5 |  5.3
Maces & Flails | 1 2 3 5 |  5.3
Polearms       | 1 2 3 5 |  5.3
Staves         | 1 2 3 5 |  5.3
Ranged Weapons | 1 2 3 5 |  5.3
Throwing       | 1 2 3 5 |  5.3
Dodging        | 1 2 3 5 |  5.3
Stealth        | 1 2 3 5 |  5.3
Unarmed Combat | 1 2 3 5 |  5.3
Spellcasting   | 1 2 3 5 |  5.3
Evocations     | 1 2 3 5 |  5.3
Conjurations   | 1 2 3 4 |  4.4
Hexes          | 1 2 3 4 |  4.4
Summonings     | 1 2 3 4 |  4.4
Necromancy     | 1 2 3 4 |  4.4
Translocations | 1 2 3 4 |  4.4
Transmutations | 1 2 3 4 |  4.4
Fire Magic     | 1 2 3 4 |  4.4
Ice Magic      | 1 2 3 4 |  4.4
Air Magic      | 1 2 3 4 |  4.4
Earth Magic    | 1 2 3 4 |  4.4
Poison Magic   | 1 2 3 4 |  4.4
Axes           | 5 6 7 |  7.1
Fighting       | 7 8 |  8.5
Armour         | 7 8 |  8.5
Shields        | 7 8 |  8.5

Action                   |  1- 3 |  4- 6 |  7- 9 | 10-12 || total
-------------------------+-------+-------+-------+-------++-------
Melee: War axe           |    86 |   119 |   272 |    84 ||   561
       Bite              |     5 |    12 |    33 |    13 ||    63
Throw: Javelin           |       |     4 |     2 |       ||     6
       Dart              |       |       |     7 |       ||     7
Invok: Curse Item        |       |       |     1 |       ||     1
  Use: Potion            |       |     3 |       |       ||     3
       Scroll            |       |       |    10 |       ||    10
 Stab: Sleeping          |       |       |       |     1 ||     1
Armor: Scale mail        |    58 |    44 |    98 |    20 ||   220
Dodge: Dodged            |    51 |    50 |   139 |    30 ||   270
Block: Buckler           |    28 |    32 |    72 |    19 ||   151

Table legend: (Time is in decaauts)
 A = Elapsed time spent in this place.
 B = Non-inter-level travel time spent in this place.
 C = Inter-level travel time spent in this place.
 D = Time resting spent in this place.
 E = Time spent auto-exploring this place.
 F = Levels seen in this place.
 G = Mean time per level.
                   A        B        C        D        E       F      G
               +--------+--------+--------+--------+--------+-----+--------+
         Total |   9227 |   8989 |    238 |    851 |   6898 |   9 | 1025.2 |
       Dungeon |   9128 |   8906 |    222 |    851 |   6830 |   8 | 1141.0 |
        Temple |     98 |     82 |     16 |      0 |     68 |   1 |   98.0 |
               +--------+--------+--------+--------+--------+-----+--------+

Top non-repeatable levels by time:
     D:7: 1792 daAuts
     D:4: 1568 daAuts
     D:3: 1307 daAuts
     D:6: 1222 daAuts
     D:5: 1012 daAuts
     D:1: 888 daAuts
     D:2: 711 daAuts
     D:8: 624 daAuts
  Temple: 98 daAuts
